Map: Emerald City LE

Players

Ahoy - Winner!

  • Race: Protoss Protoss
  • Spawn Location: 5:00

aaa - Winner!

  • Race: Protoss Protoss
  • Spawn Location: 5:00

qqq

  • Race: Zerg Zerg
  • Spawn Location: 11:00

Massa

  • Race: Terran Terran
  • League: Platinum
  • Spawn Location: 11:00

VOD

Have the link to the VOD?

Description

Time

  • Played on: March 20, 2021, 6:51 a.m.
  • Length: 8:05
Show
View Real Time Build Order
Export as new Build Order

Ahoy Protoss - Winner!

Build Orders: Zealot Archon 

Get SALT Encoding   

  12  0:00  Probe  
  13  0:12  Probe  
  14  0:19  Pylon  
  14  0:24  Probe  
  15  0:37  Probe  
  15  0:41  Gateway  
  16  0:48  Assimilator  
  16  0:52  Probe (Chrono Boost)  
  17  1:01  Probe (Chrono Boost)  
  18  1:08  Probe (Chrono Boost)  
  18  1:17  Probe (Chrono Boost)  
  19  1:18  Assimilator  
  19  1:23  Probe  
  20  1:35  Probe, Cybernetics Core  
  20  1:39  Pylon  
  21  1:47  Probe  
  22  2:02  Nexus  
  22  2:07  Probe  
  23  2:11  Warp Gate  
  23  2:12  Sentry  
  25  2:19  Probe  
  26  2:26  Gateway  
  26  2:35  Probe, Pylon  
  27  2:47  Probe  
  27  2:49  Stalker  
  30  2:56  Shield Battery  
  30  3:01  Probe (Chrono Boost), Assimilator  
  31  3:10  Pylon  
  32  3:13  Probe (Chrono Boost)  
  32  3:16  Sentry  
  35  3:20  Probe (Chrono Boost)  
  35  3:24  Stalker  
  35  3:25  Probe  
  38  3:31  Probe  
  39  3:37  Probe (Chrono Boost)  
  40  3:43  Probe (Chrono Boost)  
  40  3:44  Twilight Council  
  41  3:50  Probe (Chrono Boost)  
  43  3:55  Probe (Chrono Boost)  
  43  3:58  Probe (Chrono Boost)  
  43  4:00  Probe (Chrono Boost), Pylon  
  43  4:01  Stalker  
  47  4:03  Probe  
  47  4:05  Sentry  
  50  4:10  Probe  
  50  4:15  Probe  
  50  4:16  Blink (Chrono Boost)  
  52  4:22  Probe  
  53  4:25  Forge  
  53  4:28  Probe  
  54  4:32  Assimilator  
  54  4:34  Probe  
  55  4:40  Probe  
  56  4:46  Probe, Pylon  
  56  4:49  Gateway, Stalker  
  56  4:51  Gateway  
  56  4:52  Stalker  
  61  4:53  Protoss Ground Weapons Level 1  
  61  5:09  Gateway  
  61  5:15  Stalker x2  
  65  5:23  Probe x2  
  67  5:28  Photon Cannon  
  67  5:35  Probe  
  67  5:38  Probe  
  67  5:42  Stalker  
  70  5:48  Pylon, Forge  
  70  5:53  Gateway  
  70  5:56  Templar Archives, Gateway  
  70  6:01  Pylon  
  70  6:02  Probe  
  70  6:16  Nexus  
  70  6:18  Pylon  
  70  6:19  Stalker  
  70  6:20  Pylon, Stalker  
  70  6:21  Stalker  
  76  6:38  Stalker x2  
  78  6:43  Probe x2  
  79  6:49  High Templar x3  
  79  6:52  Shield Battery  
  85  6:55  Shield Battery  
  85  6:56  Photon Cannon  
  85  6:58  Probe x2  
  85  7:10  Probe  
  85  7:15  Robotics Facility  
  86  7:17  Photon Cannon, Pylon  
  86  7:19  Probe  
  86  7:22  Probe, Archon  
  88  7:26  Stalker x2  
  80  8:04  Stalker x2  
Show
View Real Time Build Order
Export as new Build Order

aaa Protoss - Winner!

Build Orders: Phoenix Opening, Carrier Rush 

Get SALT Encoding   

  12  0:00  Probe (Chrono Boost)  
  13  0:11  Probe (Chrono Boost)  
  14  0:18  Pylon  
  14  0:21  Probe  
  15  0:36  Probe  
  15  0:41  Gateway  
  16  0:44  Assimilator  
  16  0:48  Probe  
  17  1:00  Probe (Chrono Boost)  
  19  1:12  Probe (Chrono Boost)  
  19  1:14  Pylon  
  19  1:17  Probe (Chrono Boost)  
  19  1:21  Assimilator  
  20  1:27  Probe  
  20  1:30  Cybernetics Core  
  21  1:39  Probe  
  22  1:51  Probe  
  23  2:03  Probe  
  24  2:11  Adept (Chrono Boost)  
  24  2:12  Warp Gate  
  24  2:15  Probe  
  27  2:20  Nexus  
  27  2:27  Probe  
  28  2:33  Stargate  
  28  2:39  Probe  
  28  2:47  Adept (Chrono Boost)  
  30  2:51  Probe  
  30  2:56  Pylon  
  31  3:02  Pylon  
  31  3:13  Pylon  
  31  3:14  Probe (Chrono Boost)  
  31  3:17  Phoenix  
  34  3:26  Probe (Chrono Boost)  
  35  3:33  Fleet Beacon  
  35  3:46  Probe x2  
  37  3:48  Assimilator  
  37  3:58  Probe  
  37  3:59  Void Ray (Chrono Boost)  
  40  4:10  Probe (Chrono Boost)  
  40  4:13  Shield Battery  
  42  4:20  Probe (Chrono Boost)  
  42  4:21  Probe (Chrono Boost)  
  43  4:26  Probe (Chrono Boost)  
  43  4:27  Probe (Chrono Boost)  
  45  4:33  Stalker  
  45  4:34  Carrier (Chrono Boost)  
  45  4:37  Probe  
  54  4:46  Forge  
  54  4:47  Assimilator  
  54  4:53  Probe  
  54  4:59  Stalker  
  57  5:05  Stargate  
  57  5:23  Probe  
  58  5:29  Pylon  
  58  5:30  Probe, Pylon  
  58  5:35  Probe  
  60  5:39  Carrier, Protoss Air Weapons Level 1  
  66  5:43  Probe  
  66  5:47  Probe  
  66  5:48  Pylon  
  68  5:55  Probe  
  69  6:01  Carrier (Chrono Boost)  
  75  6:06  Stalker  
  75  6:09  Probe  
  75  6:10  Probe  
  77  6:28  Nexus  
  77  6:39  Probe  
  71  6:47  Carrier (Chrono Boost)  
  71  6:51  Probe  
  78  7:03  Probe  
  79  7:14  Shield Battery  
  79  7:25  Pylon x2  
  79  7:33  Pylon  
Show
View Real Time Build Order
Export as new Build Order

qqq Zerg 

Build Orders: Hatch First 

Get SALT Encoding   

  12  0:01  Drone  
  13  0:17  Drone  
  13  0:18  Overlord  
  14  0:47  Hatchery  
  13  0:51  Drone  
  13  0:54  Drone  
  15  0:58  Drone  
  16  1:11  Drone  
  17  1:40  Drone x3, Extractor, Spawning Pool  
  18  2:05  Hatchery  
  17  2:08  Drone x2  
  17  2:09  Drone  
  20  2:28  Queen  
  22  2:33  Queen  
  24  2:38  Drone  
  24  2:40  Drone  
  26  2:48  Metabolic Boost  
  26  2:51  Drone  
  26  2:56  Drone  
  26  2:57  Drone  
  28  3:03  Overlord  
  28  3:11  Evolution Chamber  
  27  3:13  Drone  
  27  3:16  Overlord  
  28  3:20  Drone  
  28  3:26  Spore Crawler  
  28  3:29  Spore Crawler  
  28  3:31  Drone  
  28  3:36  Zergling x2  
  28  3:37  Zergling x2  
  28  3:38  Zergling x2  
  31  3:47  Drone, Zergling x4  
  34  3:52  Zerg Melee Weapons Level 1  
  34  3:57  Zergling x2  
  34  3:59  Zergling x2  
  34  4:00  Zergling x2  
  34  4:01  Zergling x2  
  38  4:05  Zergling x2  
  38  4:07  Zergling x2  
  40  4:12  Drone, Zergling x2  
  40  4:16  Drone, Zergling x2  
  44  4:19  Zergling x2  
  44  4:22  Zergling x2  
  46  4:24  Zergling x2  
  46  4:29  Zergling x2  
  46  4:30  Zergling x2  
  49  4:35  Lair  
  49  4:38  Drone  
  50  4:41  Overlord  
  50  4:48  Overlord  
  47  5:11  Zergling x6  
  47  5:12  Zergling x16  
  47  5:13  Zergling x2  
  54  5:19  Drone x2  
  52  5:23  Zergling x2  
  52  5:24  Zergling x2  
  52  5:38  Zergling x8  
  52  5:40  Queen  
  57  5:43  Drone  
  58  5:54  Drone x2, Spire  
  59  5:59  Drone x3  
  59  6:00  Drone, Zergling x2  
  59  6:01  Drone  
  65  6:05  Overlord  
  65  6:20  Zergling x2  
  51  6:43  Drone x3  
  51  6:44  Drone x7  
  51  6:45  Drone x4  
  58  6:47  Extractor  
  58  6:48  Extractor  
  58  6:50  Extractor  
  55  6:55  Drone  
  55  7:01  Extractor  
  55  7:03  Drone x3, Extractor  
  55  7:04  Drone x4  
  55  7:07  Hatchery  
  60  7:26  Corruptor  
  60  7:27  Corruptor x2  
  65  7:31  Zergling x2  
  65  7:32  Overlord x2  
  65  7:33  Overlord x2  
  64  7:44  Zergling x2  
Show
View Real Time Build Order
Export as new Build Order

Massa Terran 

Build Orders: 2 Factory 

Get SALT Encoding   

  12  0:00  SCV  
  13  0:12  SCV  
  14  0:18  Supply Depot  
  14  0:24  SCV  
  15  0:41  Barracks  
  15  0:42  SCV  
  16  0:46  Refinery  
  16  0:54  SCV  
  17  1:19  SCV  
  18  1:31  SCV  
  19  1:43  SCV  
  20  1:54  Command Center  
  20  1:55  Orbital Command  
  20  2:08  Factory  
  20  2:14  Supply Depot  
  20  2:19  Barracks Tech Lab  
  20  2:22  SCV  
  21  2:27  Refinery  
  21  2:50  Factory  
  21  2:57  Barracks Tech Lab  
  21  3:03  SCV  
  22  3:15  Refinery, SCV, Orbital Command  
  23  3:20  Cyclone  
  27  3:27  SCV  
  27  3:32  Engineering Bay  
  27  3:39  SCV  
  28  3:51  SCV, Cyclone  
  28  3:52  Cyclone  
  35  4:04  SCV x2  
  35  4:09  Mag-Field Accelerator  
  37  4:16  SCV x2  
  39  4:17  Missile Turret  
  39  4:18  Missile Turret  
  39  4:27  Cyclone  
  39  4:30  SCV  
  39  4:31  SCV  
  44  4:36  Refinery  
  44  4:41  Missile Turret  
  44  4:43  SCV x2  
  46  4:48  Terran Infantry Weapons Level 1, Supply Depot  
  46  4:49  Supply Depot  
  46  5:10  Cyclone x2  
  52  5:25  SCV  
  52  5:26  SCV  
  54  5:37  SCV  
  54  5:38  SCV  
  54  5:42  Cyclone x2  
  62  5:47  Barracks Tech Lab  
  62  5:48  Starport  
  62  5:52  Barracks  
  62  5:53  Barracks  
  62  5:56  Supply Depot  
  62  5:57  Supply Depot  
  62  6:18  SCV x2  
  58  6:30  SCV x2  
  54  6:38  Cyclone x2  
  54  6:40  Barracks Reactor  
  54  6:41  Barracks Tech Lab  
  54  6:42  SCV  
  54  6:45  Starport Reactor  
  55  6:48  Barracks  
  55  6:53  Barracks  
  55  6:55  Barracks  
  55  6:56  Armory  
  55  7:00  Marauder  
  54  7:10  Cyclone, Marauder  
  54  7:14  Siege Tank  
  62  7:16  Marine  
  62  7:17  Marine  
  62  7:18  SCV  
  62  7:21  Marauder  
  67  7:31  Marauder  
  67  7:34  Marine  
  67  7:35  Marine, Supply Depot  
  67  7:36  Supply Depot  
  73  7:38  Barracks Reactor  
  73  7:43  Marauder  
Tags
 
Add a new tag
Caveats
  • Supply blocks, unpowered buildings, or Contaminate may cause inaccurate times.
  • Supply counts are checked every 10 seconds.